 Dungeon Crawl Stone Soup version 0.30.0-29-ga12c61a403 (webtiles) character file.

Game seed: 6358073211422355059

1338 AgateBread the Cleaver (level 8, -2/74 HPs)
             Began as a Hill Orc Fighter on June 24, 2023.
             Was a Follower of Cheibriados.
             Slain by an orc warrior
             ... wielding a +0 battleaxe
              (24 damage)
             ... on level 6 of the Dungeon.
             The game lasted 00:21:41 (4919 turns).

AgateBread the Cleaver (Hill Orc Fighter)           Turns: 4919, Time: 00:21:41

Health: -2/74      AC: 12    Str: 27    XL:     8   Next: 61%
Magic:  8/8        EV:  9    Int: 11    God:    Cheibriados [*.....]
Gold:   276        SH:  6    Dex: 13    Spells: 1/7 levels left

rFire   . . .        a - +0 war axe
rCold   . . .        c - +0 buckler
rNeg    . . .        s - +2 scale mail "Learih" {Harm Str+3}
rPois   .            (no helmet)
rElec   .            A - +0 cloak
rCorr   +            j - +0 pair of gloves
SInv    .            x - +0 pair of boots
Will    .....        (no amulet) Stlth
                     f - ring of resist corrosion
HPRegen 0.32/turn    (no ring)
MPRegen 0.11/turn

%: harm (+30% outgoing, +20% incoming)
@: very slow
A: no striking features
a: Renounce Religion, Bend Time


You were on level 6 of the Dungeon.
You worshipped Cheibriados.
Cheibriados was aware of your devotion.
You visited 2 branches of the dungeon, and saw 7 of its levels.

You collected 325 gold pieces.
You spent 49 gold pieces at shops.

Inventory:

Hand Weapons
 a - a +0 war axe (weapon)
 g - a +6 club
Missiles
 l - 3 throwing nets
Armour
 b - a +0 scale mail
 c - a +0 buckler (worn)
 j - a +0 pair of gloves (worn)
 k - a +2 robe of positive energy
 m - a +0 pair of boots
 s - the +2 scale mail "Learih" (worn) {Harm Str+3}
   (You took it off a goblin on level 2 of the Dungeon)

   Str:       It affects your strength (+3).
   Harm:      It increases damage dealt and taken.
 x - a +0 pair of boots (worn)
 A - a +0 cloak (worn)
Jewellery
 f - a ring of resist corrosion (left hand)
Wands
 B - a wand of light (4) (quivered)
 C - a wand of iceblast (5)
Scrolls
 e - 10 scrolls of teleportation
 n - a scroll of brand weapon {unknown}
 o - a scroll of blinking
 q - 3 scrolls of poison
 v - a scroll of amnesia {unknown}
 w - a scroll of fear {unknown}
 z - a scroll of torment {unknown}
 D - a scroll of noise {unknown}
 F - a scroll of identify
Potions
 d - 3 potions of might
 h - a potion of lignification {unknown}
 i - 5 potions of curing
 p - 2 potions of heal wounds
 r - a potion of brilliance
 t - a potion of berserk rage
 u - 2 potions of mutation
 E - a potion of resistance {unknown}
Miscellaneous
 y - a piece from Xom's chessboard (15/15)


   Skills:
 + Level 7.9 Fighting
 + Level 8.2 Axes
 - Level 3.2 Armour
 + Level 7.2 Shields


You had one spell level left.
You knew the following spells:

 Your Spells              Type           Power      Damage    Failure   Level
a - Plasma Beam           Fire/Air       0%         2x1d11    100%        6

Your spell library contained the following spells:

 Spells                   Type           Power      Damage    Failure   Level
 Hailstorm                Conj/Ice       0%         3d3       95%         3
 Vhi's Electric Charge    Tloc/Air       0%         N/A       95%         3
 Ice Form                 Ice/Tmut       0%         N/A       100%        4
 Arcjolt                  Conj/Air       0%         1d10      100%        5
 Simulacrum               Ice/Necr       0%         N/A       100%        6


Dungeon Overview and Level Annotations

Branches:
Dungeon (6/15)             Temple (1/1) D:4

Altars:
Ashenzari
Cheibriados
Elyvilon
Fedhas
Gozag
Hepliaklqana
Kikubaaqudgha
Makhleb
Nemelex Xobeh
Okawaru
Qazlal
Ru
Sif Muna
Trog
Wu Jian
Xom
Zin
The Shining One

Shops:
D:1 =   D:2 **[   D:3 [

Annotations:
D:3 3 runed translucent doors, monsoonserge's ghost, amateur MiHu


Message History

You barely miss the orc warrior. You closely miss something.
Something hits you but does no damage.
The orc warrior hits you with a +0 battleaxe.
You hit the orc warrior but do no damage.
You miss something. Something hits you but does no damage.
The orc warrior closely misses you.
You closely miss the orc warrior. You closely miss something.
Something hits you.
The orc warrior hits you with a +0 battleaxe!
* * * LOW HITPOINT WARNING * * *
You hit the orc warrior but do no damage.
You barely miss something. Something hits you but does no damage.
You block the orc warrior's attack.
You feel much better.
You hear some strange, mumbled words.
Something tries to affect you, but you resist.
You block the orc warrior's attack.
You barely miss the orc warrior. You hit something.
Cheibriados appreciates the change of pace.
Reactivating autopickup.
You feel a bit more experienced. The orc warrior closely misses you.
Aiming: Bolt of Light
Press: ? - help, Q - select action, (/) - cycle Shift-Dir - straight line, f - orc warrior
Aim: an orc warrior, wielding a +0 battleaxe and wearing a +0 plate armour (71% to hit)
The bolt of light misses the orc warrior.
The orc warrior hits you but does no damage.
Aiming: Bolt of Light
Press: ? - help, Q - select action, (/) - cycle Shift-Dir - straight line, f/p - orc warrior
Aim: an orc warrior, wielding a +0 battleaxe and wearing a +0 plate armour (71% to hit)
The bolt of light misses the orc warrior.
The orc warrior hits you with a +0 battleaxe!
* * * LOW HITPOINT WARNING * * *
Aiming: Bolt of Light
Press: ? - help, Q - select action, (/) - cycle Shift-Dir - straight line, f/p - orc warrior
Aim: an orc warrior, wielding a +0 battleaxe and wearing a +0 plate armour (71% to hit)
The bolt of light hits the orc warrior!
The orc warrior is heavily wounded.
The orc warrior is blinded.
The orc warrior hits you with a +0 battleaxe!!
You die...

#. >........
#.##........
#.##........ ###
#.##........ ..#
#.##........ ..#
#.##........ ..#
##.##)o...... ..#
#....@)...... ..#
#...)))...... ..#
#)...........
..##########)...........
..†...........#####.....
..############# .....
..# .... ..# #### .##


You could see an orc warrior (blind).

Vanquished Creatures
  Prince Ribbit (D:5)
  A water moccasin (D:5)
  A sky beast (D:4)
  An ice beast (D:5)
  3 scorpions
  A howler monkey (D:4)
  2 jellies
  2 orc priests
  4 iguanas
  Terence (D:2)
  Jessica (D:2)
  Natasha (thrice) (D:2)
  3 orc wizards
  5 gnolls
  5 adders
  A white imp (D:5)
  An ufetubus (D:4)
  A worm (D:5)
  A dart slug (D:1)
  11 orcs
  13 ball pythons
  8 endoplasms
  3 giant cockroaches
  5 goblins
  8 hobgoblins
  4 jackals
  5 quokkas
  4 bats
  4 frilled lizards
  6 kobolds
  6 rats
  A butterfly (D:4)
116 creatures vanquished.

Notes
Turn   | Place    | Note
-------+----------+-------------------------------------------
     0 | D:1      | AgateBread the Hill Orc Fighter began the quest for the
                  | Orb.
     0 | D:1      | Reached XP level 1. HP: 19/19 MP: 1/1
    49 | D:1      | Reached skill level 3 in Axes
    49 | D:1      | Reached XP level 2. HP: 22/27 MP: 2/2
   261 | D:1      | Reached XP level 3. HP: 33/33 MP: 3/3
   346 | D:1      | Found Bithreeh's Jewellery Shoppe.
  1020 | D:2      | Found Myref's General Store.
  1020 | D:2      | Noticed Jessica
  1028 | D:2      | Killed Jessica
  1029 | D:2      | Reached skill level 4 in Axes
  1029 | D:2      | Reached XP level 4. HP: 40/41 MP: 4/4
  1069 | D:2      | Bought a +0 pair of boots for 49 gold pieces
  1101 | D:2      | Found Zyxorgheum's Armour Shop.
  1102 | D:2      | Noticed Terence
  1112 | D:2      | Killed Terence
  1292 | D:2      | Found Ewarugag's Assorted Antiques.
  1455 | D:2      | Reached XP level 5. HP: 41/47 MP: 5/5
  1503 | D:2      | Identified the +2 scale mail "Learih" {Harm Str+3}
  1737 | D:3      | Noticed Natasha
  1752 | D:2      | Killed Natasha
  1753 | D:2      | Reached skill level 5 in Fighting
  1854 | D:2      | Noticed Natasha
  1865 | D:2      | Killed Natasha
  1915 | D:2      | Noticed Natasha
  1927 | D:2      | Killed Natasha
  1928 | D:2      | Reached skill level 5 in Axes
  2014 | D:3      | Found a runed translucent gate.
  2014 | D:3      | Found a runed translucent gate.
  2014 | D:3      | Found a runed translucent gate.
  2017 | D:3      | Identified the +6 spear of Theory {speed, Int+3}
  2019 | D:3      | Noticed monsoonserge's ghost (amateur MiHu)
  2091 | D:3      | Found Leana's Armour Emporium.
  2175 | D:3      | Found an ornate altar of the Wu Jian Council.
  2359 | D:3      | Found a faded altar of an unknown god.
  2400 | D:3      | Found a shimmering blue altar of Sif Muna.
  2596 | D:4      | Found a stormy altar of Qazlal.
  2596 | D:4      | Noticed a sky beast
  2600 | D:4      | Reached XP level 6. HP: 56/56 MP: 6/6
  2609 | D:4      | Killed a sky beast
  2610 | D:4      | Reached skill level 5 in Shields
  2629 | D:4      | Found a shimmering altar of Xom.
  2820 | D:4      | Reached skill level 6 in Axes
  2820 | D:4      | Reached XP level 7. HP: 62/63 MP: 7/7
  2853 | D:4      | Learned a level 6 spell: Plasma Beam
  3023 | D:4      | Found a glowing silver altar of Zin.
  3086 | D:4      | Found a staircase to the Ecumenical Temple.
  3099 | Temple   | Entered the Ecumenical Temple
  3143 | Temple   | Became a worshipper of Cheibriados the Contemplative
  3321 | D:4      | Found a burning altar of Makhleb.
  3376 | D:4      | Found a hazy altar of Hepliaklqana.
  3825 | D:5      | Entered Level 5 of the Dungeon
  3861 | D:5      | Found an opulent altar of Gozag.
  3944 | D:5      | Noticed Prince Ribbit
  3963 | D:5      | Killed Prince Ribbit
  3964 | D:5      | Reached skill level 7 in Axes
  3964 | D:5      | Reached XP level 8. HP: 57/73 MP: 8/8
  4123 | D:5      | Found a glowing golden altar of the Shining One.
  4334 | D:5      | Reached * piety under Cheibriados
  4602 | D:5      | Reached skill level 8 in Axes
  4861 | D:6      | Found a broken altar of Ashenzari.
  4919 | D:6      | Slain by an orc warrior

Illustrated notes

Levels and vault maps discovered:
D:1:      psy_arrival_fountain, layout_basic, serial_shops, nicolae_shop_trees,
          chequers_serial_rivers_micro_c, minmay_unequal
D:2:      layout_rooms, serial_shops, shop, shop, shop, st_stairs_6,
          skrybe_limestone_x, minmay_close_crescents, uniq_jessica, uniq_terence
D:3:      layout_basic, mainiacjoe_overflow_chevrons, led_sif_book,
          serial_shops, nicolae_diamond_shop, biasface_ghost_orc_armoury,
          ebering_ecumenical_altar_petrified, kennysheep_flooded_box,
          uniq_natasha
D:4:      layout_basic, xom_butterflies, kennysheep_mini,
          nicolae_overflow_hidden_temple, lemuel_round_altar,
          nicolae_qazlal_beasts_of_the_sky, minmay_temple_entry_mist,
          chequers_big_river, minmay_fractal_squares_diagonal_5
D:5:      layout_loops_ring, mainiacjoe_overflow_six_doors_small,
          nicolae_tso_swordbearing_angel, uniq_prince_ribbit1
D:6:      layout_basic, mainiacjoe_overflow_alcove_2
Temple:   nicolae_temple_ecumenical_triangle

Skill      XL: |  1  2  3  4  5  6  7  8 |
---------------+-------------------------+-----
Axes           | 3 4 5 6 7 8 |  8.2
Fighting       | 4 5 6 7 |  7.9
Shields        | 4 5 6 7 |  7.2
Armour         | |  3.2

Action                     |  1- 3 |  4- 6 |  7- 9 || total
---------------------------+-------+-------+-------++-------
  Melee: War axe           |    69 |   126 |    95 ||   290
  Throw: Throwing net      |     2 |     3 |     4 ||     9
  Evoke: Wand              |       |       |     4 ||     4
    Use: Scroll            |       |     7 |     2 ||     9
         Potion            |       |       |     1 ||     1
 Armour: Scale mail        |    55 |    52 |    47 ||   154
  Dodge: Dodged            |    29 |    45 |    47 ||   121
  Block: Buckler           |    24 |    18 |    27 ||    69
